 Dungeon Crawl Stone Soup version 0.30.1-4-g462c640d31 (webtiles) character file.

Game seed: 12669786183820821663

26 H0rd4k the Charlatan (level 3, -1/23 HPs)
             Began as an Octopode Artificer on Aug 18, 2023.
             Slain by an adder (2 damage)
             ... on level 2 of the Dungeon.
             The game lasted 00:00:44 (843 turns).

H0rd4k the Charlatan (Octopode Artificer)            Turns: 843, Time: 00:00:45

Health: -1/23      AC:  1    Str: 11    XL:     3   Next: 8%
Magic:  3/3        EV: 13    Int: 15    God:
Gold:   67         SH:  0    Dex: 12    Spells: 2/2 levels left

rFire   . . .        (no weapon)
rCold   . . .        (no shield)
rNeg    . . .        (helmet restricted)
rPois   .            (no amulet)
rElec   .            (no ring)
rCorr   .            (no ring)
SInv    .            (no ring)
Will    .....        (no ring)
Stlth   +++          (no ring)
HPRegen 0.23/turn    (no ring)
MPRegen 0.08/turn    (no ring)
                     (no ring)

%: no passive effects
@: lethally poisoned (-1 -> -3)
A: almost no armour, amphibious, 8 rings, camouflage 1, gelatinous body 1,
(nimble swimmer 1), tentacles
a: no special abilities


You were on level 2 of the Dungeon.
You visited 1 branch of the dungeon, and saw 2 of its levels.

You collected 67 gold pieces.

Inventory:

Wands
 b - a wand of flame (15) (quivered)
 c - a wand of charming (14)
 d - a wand of iceblast (5)
Scrolls
 e - a scroll of fog {unknown}
 f - 2 scrolls of teleportation {unknown}
 g - a scroll of enchant armour {unknown}
 h - 2 scrolls of fear {unknown}
 j - a scroll of poison {unknown}
 k - a scroll of identify {unknown}
Potions
 a - 3 potions of curing {unknown}
 i - a potion of might {unknown}


   Skills:
 + Level 1.1 Fighting
 + Level 2.7 Dodging
 - Level 1.3 Stealth
 + Level 0.2 Unarmed Combat
 + Level 4.2 Evocations


You had 2 spell levels left.
You didn't know any spells.
Your spell library was empty.

Dungeon Overview and Level Annotations

Branches:
Dungeon (2/15)

Altars:


Innate Abilities, Weirdness & Mutations

You cannot wear most types of armour.
You are amphibious.
You can wear up to eight rings at the same time.
Your skin changes colour to match your surroundings (Stealth+).
Your rubbery body absorbs attacks. (AC +1, EV +1)
((You are camouflaged when in or above water. (Stealth+)))
You have tentacles for arms and can constrict up to eight enemies at once.


Message History

You closely miss the adder. Your grab misses the adder.
The adder is moderately wounded.
The adder bites you.
A kobold comes into view. It is wielding a +0 short sword.
Found a stone staircase leading down.
You closely miss the adder.
The kobold shouts!
Your grab misses the adder.
The adder is moderately wounded.
You hear a shout!
The adder bites you. The adder barely misses you.
You tentacle-slap the adder. Your grab misses the adder.
The adder is moderately wounded.
The adder misses you.
A hobgoblin comes into view.
You tentacle-slap the adder. Your grab misses the adder.
The adder is heavily wounded.
The adder bites you.
You tentacle-slap the adder but do no damage.
You grab the adder.
The adder is heavily wounded.
You constrict the adder. The adder closely misses you.
You release your grip on the adder.
The adder attacks as you move away! The adder bites you.
You are poisoned.
The adder poisons you!
You feel sick. The adder bites you.
* * * LOW HITPOINT WARNING * * *
* * * LOW HITPOINT WARNING * * *
You feel sick. The adder barely misses you.
* * * LOW HITPOINT WARNING * * *
You feel sick.
Aiming: Charm
Press: ? - help, Shift-Dir - straight line, f - adder
Aim: an adder (heavily wounded, chance to affect: 67%)
The adder struggles to resist.
* * * LOW HITPOINT WARNING * * *
You feel sick. The adder bites you.
* * * LOW HITPOINT WARNING * * *
The adder bites you.
You die...

..# .. . g.#. .
... .. ..#
.....########g.#
.......>@SJ....#
#.:..#####Kr#.....
#....J.##<## ...
#..!...# .
#........#
#.##..##..# #
##......#
#..##...# ##.#
#..#


You could see an adder, an endoplasm, a hobgoblin, a kobold and a rat.

Vanquished Creatures
  3 endoplasms (D:1)
  2 giant cockroaches (D:1)
  2 hobgoblins (D:1)
  4 quokkas (D:1)
  3 ball pythons (D:1)
  5 bats (D:1)
  A frilled lizard (D:1)
  A kobold (D:1)
  3 rats (D:1)
24 creatures vanquished.

Notes
Turn   | Place    | Note
-------+----------+-------------------------------------------
     0 | D:1      | H0rd4k the Octopode Artificer began the quest for the Orb.
     0 | D:1      | Reached XP level 1. HP: 13/13 MP: 1/1
   190 | D:1      | Reached XP level 2. HP: 13/18 MP: 2/2
   330 | D:1      | Reached skill level 4 in Evocations
   550 | D:1      | Reached XP level 3. HP: 23/23 MP: 3/3
   843 | D:2      | HP: 1/23 [adder (2)]
   843 | D:2      | Slain by an adder

Illustrated notes

Levels and vault maps discovered:
D:1:      lordsloth_arrival_two_stooges, layout_loops_ring, minmay_heptomino_w4
D:2:      layout_rooms, chequers_serial_rivers_large_a

Skill      XL: |  1  2 |
---------------+-------+-----
Evocations     | 4 |  4.2
Fighting       | |  1.1
Dodging        | |  2.7
Stealth        | |  1.3
Unarmed Combat | |  0.2

Action                     || total
---------------------------++-------
  Melee: Unarmed           ||    68
         Tentacles         ||    14
         Constrict         ||    16
  Evoke: Wand              ||     1
   Stab: Sleeping          ||     8
 Armour: Skin              ||     9
  Dodge: Dodged            ||    51
